 Dungeon Crawl Stone Soup version 0.28-b1-25-g9875b3fc8c (webtiles) character file.

Game seed: 10808925598440917589

378 Masnef the Blocker (level 6, -7/51 HPs)
             Began as a Gnoll Wanderer on Feb 6, 2022.
             Was a Follower of Okawaru.
             Mangled by an ogre (19 damage)
             ... on level 5 of the Dungeon.
             The game lasted 00:08:10 (6056 turns).

Masnef the Blocker (Gnoll Wanderer)                 Turns: 6056, Time: 00:08:10

Health: -7/51      AC: 14    Str: 12    XL:     6   Next: 74%
Magic:  7/9        EV:  7    Int: 14    God:    Okawaru [*.....]
Gold:   178        SH:  7    Dex: 10    Spells: 8/9 levels left

rFire   . . .      SeeInvis .   r - +0 flail
rCold   . . .      Faith    +   b - +0 buckler {AC+3}
rNeg    . . .      Spirit   .   q - +0 chain mail
rPois   .          Reflect  .   (no helmet)
rElec   .          Harm     .   (no cloak)
rCorr   +          Rampage  .   (no gloves)
Will    .....                   (no boots)
Stlth   ..........              g - amulet of faith
HPRegen 0.17/turn               m - ring of resist corrosion
MPRegen 0.11/turn               (no ring)

@: heroic
A: fangs 1, strong nose, distributed training
a: Renounce Religion, Heroism


You were on level 5 of the Dungeon.
You worshipped Okawaru.
Okawaru was aware of your devotion.
You visited 1 branch of the dungeon, and saw 5 of its levels.

You collected 178 gold pieces.

Inventory:

Hand Weapons
 a - a +0 mace
 p - a +0 morningstar
 r - a +0 flail (weapon)
Armour
 b - a +0 buckler of protection (worn)
 d - a +0 leather armour
 q - a +0 chain mail (worn)
 s - a +0 scale mail
Jewellery
 g - an amulet of faith (around neck)
 m - a ring of resist corrosion (left hand)
Wands
 c - a wand of polymorph (1) (quivered)
Scrolls
 e - 4 scrolls of identify {unknown}
 f - a scroll of noise {unknown}
 j - a scroll of immolation {unknown}
 n - a scroll of fog {unknown}
Potions
 h - 3 potions of resistance
 i - a potion of brilliance
 k - a potion of attraction


   Skills:
 + Level 5.0(10.0) Fighting
 + Level 2.1(7.1) Short Blades
 + Level 2.1(7.1) Long Blades
 + Level 2.1(7.1) Axes
 + Level 5.0(10.0) Maces & Flails
 + Level 2.1(7.1) Polearms
 + Level 2.1(7.1) Staves
 + Level 2.1(7.1) Slings
 + Level 2.1(7.1) Bows
 + Level 2.1(7.1) Crossbows
 + Level 2.1(7.1) Throwing
 + Level 3.3(8.3) Armour
 + Level 2.1(7.1) Dodging
 + Level 2.1(7.1) Stealth
 + Level 8.8(13.8) Shields
 + Level 2.1(7.1) Unarmed Combat
 + Level 2.1 Spellcasting
 + Level 1.6 Conjurations
 + Level 1.6 Hexes
 + Level 1.6 Summonings
 + Level 1.6 Necromancy
 + Level 1.6 Translocations
 + Level 1.6 Transmutations
 + Level 1.6 Fire Magic
 + Level 1.6 Ice Magic
 + Level 1.6 Air Magic
 + Level 1.6 Earth Magic
 + Level 1.6 Poison Magic
 + Level 2.3 Invocations
 + Level 3.3 Evocations


You had 8 spell levels left.
You knew the following spells:

 Your Spells              Type           Power      Damage    Failure   Level
a - Freeze                Ice            24%        1d5       97%         1

Your spell library contained the following spells:

 Spells                   Type           Power      Damage    Failure   Level
 Frozen Ramparts          Ice            12%        1d3       100%        3
 Hailstorm                Conj/Ice       6%         3d4       100%        4


Dungeon Overview and Level Annotations

Branches:
Dungeon (5/15)
 Temple: D:4-7

Altars:
Okawaru

Annotations:
D:3 Grinder, Sigmund
D:4 1 runed translucent door, exclusion: black bear, p0werm0de's ghost, weakling MiFi


Innate Abilities, Weirdness & Mutations

You have very sharp teeth.
Your uncanny sense of smell can sniff out nearby items.
Your experience applies equally to all skills.


Message History

The hound skeleton bites you but does no damage.
You barely miss the hound skeleton.
The hound skeleton is almost destroyed.
The hound skeleton barely misses you.
You hit the hound skeleton.
You destroy the hound skeleton!
Okawaru accepts your kill.
h - 3 potions of resistance You feel like a meek peon again.
There is a stone staircase leading up here.
Items here: ( ) [ †.
You start resting.
Magic restored.
You start resting.
An ogre comes into view. It is wielding a +0 giant club.
There is a stone staircase leading up here.
You start resting.
An ogre is nearby!
There is a stone staircase leading up here.
You gain the combat prowess of a mighty hero.
You block the ogre's attack.
You hit the ogre but do no damage. The ogre closely misses you.
You sock the ogre!
The ogre is moderately wounded.
You sock the ogre!
The ogre is severely wounded.
The ogre hits you but does no damage.
You hit the ogre.
The ogre is severely wounded.
The ogre hits you with a +0 giant club!
* * * LOW HITPOINT WARNING * * *
You closely miss the ogre. You bite the ogre, but do no damage.
The ogre is severely wounded.
You hit the ogre.
The ogre is almost dead.
The ogre hits you but does no damage.
You hit the ogre but do no damage.
The ogre is almost dead.
The ogre hits you with a +0 giant club!!
You die...

...# ..# ..# ...
#.# #.#
######.###
#....O).^#####
#....@........
#..........###.#
#.######.### ∆ #
#.# ∆ #.# #.#
#.# #.#


You could see an ogre.

Vanquished Creatures
  A kobold brigand (D:4)
  A gnoll shaman (D:3)
  2 iguanas (D:4)
  Jessica (D:3)
  A killer bee zombie (D:4)
  A hound skeleton (D:5)
  7 adders
  3 worms
  A dart slug (D:1)
  5 orcs
  5 ball pythons
  3 bats
  13 endoplasms
  3 giant cockroaches
  5 goblins
  7 hobgoblins
  10 jackals
  6 kobolds
  6 quokkas
  2 frilled lizards
  4 rats (D:2)
87 creatures vanquished.

Vanquished Creatures (others)
  8 fungi (D:5)
8 creatures vanquished.

Grand Total: 95 creatures vanquished

Notes
Turn   | Place    | Note
-------+----------+-------------------------------------------
     0 | D:1      | Masnef the Gnoll Wanderer began the quest for the Orb.
     0 | D:1      | Masnef set off with the following items: a +0 mace, a +0
                  | buckler of protection, a wand of polymorph (3), a +0
                  | leather armour
     0 | D:1      | Reached XP level 1. HP: 20/20 MP: 1/1
   190 | D:1      | Reached XP level 2. HP: 20/26 MP: 2/2
   684 | D:1      | Reached XP level 3. HP: 31/31 MP: 3/3
   716 | D:1      | Found a faded altar of an unknown god.
   721 | D:1      | Prayed at the altar of an unknown god.
   721 | D:1      | Became a worshipper of Warmaster Okawaru
   721 | D:1      | Reached * piety under Okawaru
  1173 | D:2      | Learned a level 1 spell: Freeze
  1228 | D:2      | Reached skill level 1 in Invocations
  1897 | D:2      | Reached skill level 1 in Short Blades
  1897 | D:2      | Reached skill level 1 in Long Blades
  1897 | D:2      | Reached skill level 1 in Axes
  1897 | D:2      | Reached skill level 1 in Polearms
  1897 | D:2      | Reached skill level 1 in Staves
  1897 | D:2      | Reached skill level 1 in Slings
  1897 | D:2      | Reached skill level 1 in Bows
  1897 | D:2      | Reached skill level 1 in Crossbows
  1897 | D:2      | Reached skill level 1 in Throwing
  1897 | D:2      | Reached skill level 1 in Dodging
  1897 | D:2      | Reached skill level 1 in Stealth
  1897 | D:2      | Reached skill level 1 in Unarmed Combat
  1897 | D:2      | Reached skill level 1 in Spellcasting
  2010 | D:2      | Reached XP level 4. HP: 28/38 MP: 5/5
  2818 | D:3      | Reached skill level 1 in Conjurations
  2818 | D:3      | Reached skill level 1 in Hexes
  2818 | D:3      | Reached skill level 1 in Summonings
  2818 | D:3      | Reached skill level 1 in Necromancy
  2818 | D:3      | Reached skill level 1 in Translocations
  2818 | D:3      | Reached skill level 1 in Transmutations
  2818 | D:3      | Reached skill level 1 in Fire Magic
  2818 | D:3      | Reached skill level 1 in Ice Magic
  2818 | D:3      | Reached skill level 1 in Air Magic
  2818 | D:3      | Reached skill level 1 in Earth Magic
  2818 | D:3      | Reached skill level 1 in Poison Magic
  2896 | D:3      | Noticed Grinder
  3230 | D:3      | Reached XP level 5. HP: 14/43 MP: 5/7
  3542 | D:3      | Noticed Jessica
  3552 | D:3      | Killed Jessica
  3789 | D:3      | Noticed Sigmund
  3878 | D:4      | Noticed an ice beast
  3994 | D:4      | Noticed a kobold brigand
  4011 | D:4      | Killed a kobold brigand
  4012 | D:4      | Reached XP level 6. HP: 20/50 MP: 5/8
  4316 | D:4      | Noticed a black bear
  4399 | D:4      | Reached skill level 5 in Fighting
  4399 | D:4      | Reached skill level 5 in Maces & Flails
  5382 | D:4      | Reached ** piety under Okawaru
  5706 | D:4      | Found a runed translucent door.
  5710 | D:4      | Noticed p0werm0de's ghost (weakling MiFi)
  5962 | D:5      | Entered Level 5 of the Dungeon
  6056 | D:5      | Mangled by an ogre

Illustrated notes

Levels and vault maps discovered:
D:1:      mrwooster_arrival_arrow, layout_loops_ring,
          hellmonk_ecumenical_altar_leap_of_faith
D:2:      layout_loops_corners
D:3:      minmay_diamond_boxcup, layout_loops_corners, uniq_jessica,
          uniq_grinder, uniq_sigmund
D:4:      layout_basic, serial_co_window_serial, co_window_corner_a,
          co_window_corner_a, co_window_corner_a, co_window_corner_a,
          co_window_paths_a, co_window_corner_ca, co_window_paths_c,
          co_window_2corner, co_window_of_opportunity_b, co_window_corner_cb,
          co_window_4corner_b, glass_columns_b, glass_columns_b,
          glass_columns_a, glass_columns_b, ebering_ghost_sewer_d
D:5:      layout_basic, old_standard_altar, bloody_makhleb,
          minmay_temple_entry_enclosed_plants, serial_aquarium,
          aquarium_bridge_square [aquarium_subvault_bridge,
          aquarium_subvault_wall, aquarium_subvault_wall,
          aquarium_subvault_bridge], aquarium_window_1,
          aquarium_window_corridor_2, aquarium_window_1, aquarium_view_2a,
          aquarium_view_2c, aquarium_balcony_1b

Skill      XL: |  1  2  3  4  5  6 |
---------------+-------------------+-----
Invocations    | 1 2 |  2.3
Short Blades   | 1 2 |  2.1
Long Blades    | 1 2 |  2.1
Axes           | 1 2 |  2.1
Polearms       | 1 2 |  2.1
Staves         | 1 2 |  2.1
Slings         | 1 2 |  2.1
Bows           | 1 2 |  2.1
Crossbows      | 1 2 |  2.1
Throwing       | 1 2 |  2.1
Dodging        | 1 2 |  2.1
Stealth        | 1 2 |  2.1
Unarmed Combat | 1 2 |  2.1
Spellcasting   | 1 2 |  2.1
Conjurations   | 1 |  1.6
Hexes          | 1 |  1.6
Summonings     | 1 |  1.6
Necromancy     | 1 |  1.6
Translocations | 1 |  1.6
Transmutations | 1 |  1.6
Fire Magic     | 1 |  1.6
Ice Magic      | 1 |  1.6
Air Magic      | 1 |  1.6
Earth Magic    | 1 |  1.6
Poison Magic   | 1 |  1.6
Armour         | 3 |  3.3
Evocations     | 3 |  3.3
Fighting       | 5 |  5.0
Maces & Flails | 5 |  5.0
Shields        | |  8.8

Action                   |  1- 3 |  4- 6 || total
-------------------------+-------+-------++-------
Melee: Mace              |   197 |   165 ||   362
       Bite              |    16 |    23 ||    39
       Flail             |       |    66 ||    66
       Morningstar       |       |     5 ||     5
Invok: Heroism           |       |     7 ||     7
Evoke: Wand              |       |     2 ||     2
  Use: Scroll            |       |     2 ||     2
       Potion            |       |     4 ||     4
 Stab: Sleeping          |     2 |     2 ||     4
       Distracted        |     1 |       ||     1
Armor: Leather armour    |    81 |    57 ||   138
       Chain mail        |       |    54 ||    54
Dodge: Dodged            |   115 |    98 ||   213
Block: Buckler           |    63 |    70 ||   133
